 Dungeon Crawl Stone Soup version 0.31-a0-358-gac0dbeb3ab (webtiles) character file.

Game seed: 12531452360790243401

2170 Maratek the Poker (level 9, -1/70 HPs)
             Began as a Yellow Draconian Earth Elementalist on July 25, 2023.
             Was an Initiate of Gozag.
             Slain by Erica
             ... wielding a +1 scimitar of flaming
              (2 damage)
             ... on level 8 of the Dungeon.
             The game lasted 00:40:11 (7171 turns).

Maratek the Poker (DrEE)                            Turns: 7171, Time: 00:40:12

Health: -1/70      AC: 13    Str: 18    XL:     9   Next: 11%
Magic:  16/16      EV: 13    Int: 17    God:    Gozag
Gold:   1005       SH:  0    Dex: 13    Spells: 13/17 levels left

rFire   + . .        p - +1 halberd (venom)
rCold   . . .        (shield currently unavailable)
rNeg    + . .        (body armour unavailable)
rPois   .            s - +1 hat
rElec   .            f - +0 cloak
rCorr   +            w - +0 pair of gloves
SInv    .            u - +2 pair of boots of the Ferocious God {rF+ Str+4}
Will    .....        (no amulet)
Stlth   ++           o - ring of flight
HPRegen 0.31/turn    h - ring "Veozxuej" {rN+ Str+2}
MPRegen 0.15/turn

%: no passive effects
@: lethally poisoned (-1 -> -2), flying
A: spit acid, AC +7, unfitting armour, cold-blooded, acid resistance
a: Breathe Acid, Renounce Religion, Potion Petition, Call Merchant, Bribe Branch


You were on level 8 of the Dungeon.
You worshipped Gozag.
Gozag was most pleased with you.
You visited 1 branch of the dungeon, and saw 8 of its levels.

You collected 1005 gold pieces.

Inventory:

Hand Weapons
 p - a +1 halberd of venom (weapon)
 q - a +2 dagger of speed
Armour
 f - a +0 cloak (worn)
 s - a +1 hat (worn)
 u - the +2 pair of boots of the Ferocious God (worn) {rF+ Str+4}
   (You found it on level 6 of the Dungeon)

   Str:       It affects your strength (+4).
   rF:        It protects you from fire.
 w - a +0 pair of gloves (worn)
Jewellery
 a - a +6 ring of dexterity
 h - the ring "Veozxuej" (right hand) {rN+ Str+2}
   (You found it on level 2 of the Dungeon)

   [ring of positive energy]

   Str:       It affects your strength (+2).
   rN:        It protects you from negative energy.
 o - a ring of flight (left hand)
 z - a +6 ring of strength
Wands
 g - a wand of flame (16)
Scrolls
 b - a scroll of poison {unknown}
 j - a scroll of enchant weapon {unknown}
 r - 2 scrolls of vulnerability
 t - a scroll of immolation {unknown}
 v - a scroll of silence {unknown}
 y - a scroll of brand weapon {unknown}
Potions
 c - 5 potions of heal wounds {unknown}
 d - a potion of berserk rage {unknown}
 e - 6 potions of might
 i - a potion of curing {unknown}
 k - 4 potions of haste {unknown}
 l - 2 potions of mutation {unknown}
 m - a potion of ambrosia {unknown}
 x - a potion of degeneration {unknown}
 A - a potion of enlightenment {unknown}


   Skills:
 + Level 3.6 Fighting
 + Level 6.6 Polearms
 + Level 4.4 Dodging
 + Level 3.2 Stealth
 + Level 1.4 Unarmed Combat
 + Level 4.9 Spellcasting
 + Level 2.0 Conjurations
 + Level 1.0 Transmutations
 + Level 5.7 Earth Magic


You had 13 spell levels left.
You knew the following spells:

 Your Spells              Type           Power      Damage    Failure   Level
a - Sandblast             Erth           46%        2d11      1%          1
b - Stone Arrow           Conj/Erth      34%        3d9       9%          3

Your spell library contained the following spells:

 Spells                   Type           Power      Damage    Failure   Level
 Passwall                 Tmut/Erth      12%        N/A       5%          2
 Petrify                  Tmut/Erth      15%        N/A       34%         4
 Inner Flame              Hex/Fire       4%         N/A       41%         3
 Flame Wave               Conj/Fire      7%         2d5       67%         4
 Sticky Flame             Conj/Fire      7%         2d3       67%         4


Dungeon Overview and Level Annotations

Branches:
Dungeon (8/15)
 Temple: D:4-7         Lair: D:8-11

Altars:
Gozag

Shops:
D:6 *

Annotations:
D:4 3 runed translucent doors, Pelmeshek's ghost, amateur GrGl; zero's ghost, amateur GrGl
D:8 Erica; Grum


Innate Abilities, Weirdness & Mutations

You can spit globs of acid.
Your golden yellow scales are hard. (AC +7)
You cannot fit into any form of body armour.
You are cold-blooded and may be slowed by cold attacks.
You are resistant to acid. (rCorr)


Message History

a +0 club; a +0 leather armour You feel sick.
You feel sick.
You feel sick.
You feel sick.
You feel yourself slow down.
You feel sick.
You hear some strange, mumbled words.
A bolt of poison appears from out of thin air!
The bolt of poison misses you.
You feel sick.
You are no longer poisoned.
You hear a shout!
Something tries to affect you, but you resist.
You have got your breath back.
You feel yourself speed up.
You hear some strange, mumbled words.
A bolt of poison appears from out of thin air!
The bolt of poison hits you!
You are poisoned.
You feel very sick.
You feel very sick.
You feel very sick.
You miss something.
You feel sick. Something hits you. Something burns you.
* * * LOW HITPOINT WARNING * * *
Something hits you.
* * * LOW HITPOINT WARNING * * *
Something burns you.
* * * LOW HITPOINT WARNING * * *
You barely miss something.
You feel sick. Something barely misses you.
You closely miss something.
You feel sick. Something barely misses you.
You barely miss something.
Your tail-slap misses something.
You feel sick. Something hits you!
* * * LOW HITPOINT WARNING * * *
Something burns you.
* * * LOW HITPOINT WARNING * * *
You puncture something!
* * * LOW HITPOINT WARNING * * *
You feel sick. Something hits you.
You die...
Your body crumbles into a pile of gold.

#.##.............##
#.##.............#
#.####+##.......## #.#
..........# #####{#
##..####..# ......#
##......## ......#
###>...#
......############.#
~...............@#.#
......##########.#.#
......# #######.#.####
####### #............#
....# #............#
....# #............#
....# #............#
....######............#
.........'............#


There were no monsters in sight!

Vanquished Creatures
  Joseph (D:8)
  A steam dragon (D:7)
  A wraith (D:7)
  A black bear (D:4)
  A sky beast (D:8)
  4 centaurs
  2 wolves (D:8)
  A phantom (D:6)
  4 bullfrogs
  2 scorpions
  2 orc priests
  A hound (D:6)
  2 jellies
  Jessica (D:2)
  An iguana (D:4)
  4 orc wizards
  Robin (D:2)
  3 gnolls (D:4)
  6 adders
  A white imp (D:7)
  2 worms (D:3)
  2 dart slugs
  11 orcs
  7 endoplasms
  2 giant cockroaches (D:3)
  13 goblins
  8 hobgoblins
  10 jackals
  7 quokkas
  5 ball pythons
  3 bats
  3 frilled lizards
  8 kobolds
  3 rats
124 creatures vanquished.

Vanquished Creatures (others)
  An ufetubus (D:7)
1 creature vanquished.

Grand Total: 125 creatures vanquished

Notes
Turn   | Place    | Note
-------+----------+-------------------------------------------
     0 | D:1      | Maratek the Draconian Earth Elementalist began the quest
                  | for the Orb.
     0 | D:1      | Reached XP level 1. HP: 14/14 MP: 3/3
   295 | D:1      | Found a faded altar of an unknown god.
   307 | D:1      | Prayed at the altar of an unknown god.
   307 | D:1      | Became a worshipper of Gozag Ym Sagoz the Greedy
   320 | D:1      | Reached XP level 2. HP: 20/20 MP: 3/5
   703 | D:1      | Reached XP level 3. HP: 6/26 MP: 6/6
  1068 | D:2      | Reached skill level 1 in Unarmed Combat
  1303 | D:2      | Identified the ring "Veozxuej" {rN+ Str+2}
  1474 | D:2      | Noticed Robin
  1523 | D:1      | Reached XP level 4. HP: 33/33 MP: 3/7
  1793 | D:2      | Killed Robin
  1922 | D:2      | Learned a level 3 spell: Stone Arrow
  3086 | D:4      | Noticed a black bear
  3095 | D:4      | Killed a black bear
  3096 | D:4      | Reached XP level 5. HP: 33/38 MP: 2/10
  3465 | D:4      | Reached XP level 6. HP: 45/45 MP: 11/11
  3601 | D:4      | Found a runed translucent gate.
  3601 | D:4      | Found a runed translucent gate.
  3601 | D:4      | Found a runed translucent gate.
  3601 | D:4      | Noticed Pelmeshek's ghost (amateur GrGl)
  3602 | D:4      | Noticed zero's ghost (amateur GrGl)
  3624 | D:5      | Entered Level 5 of the Dungeon
  3789 | D:2      | Noticed Jessica
  3797 | D:2      | Killed Jessica
  3798 | D:2      | Reached skill level 5 in Earth Magic
  4561 | D:5      | Reached skill level 1 in Polearms
  4708 | D:5      | Reached skill level 1 in Fighting
  4719 | D:5      | Noticed a vampire
  4789 | D:6      | Found Yfawumu's General Store.
  4799 | D:6      | Reached skill level 2 in Polearms
  4799 | D:6      | Your scales start taking on a golden yellow colour.
  4799 | D:6      | Reached XP level 7. HP: 45/52 MP: 10/13
  4799 | D:6      | Gained mutation: You are resistant to acid. (rCorr) [Yellow
                  | Draconian growth]
  5027 | D:6      | Identified the +2 pair of boots of the Ferocious God {rF+
                  | Str+4}
  5129 | D:7      | Reached skill level 3 in Polearms
  5259 | D:7      | Reached skill level 1 in Conjurations
  5487 | D:7      | Found a sand-covered staircase.
  5679 | D:7      | Reached XP level 8. HP: 22/62 MP: 14/14
  5780 | D:7      | Reached skill level 4 in Polearms
  6030 | D:7      | Reached skill level 5 in Polearms
  6602 | D:8      | Noticed Joseph
  6602 | D:8      | Noticed Grum
  6619 | D:8      | Killed Joseph
  6620 | D:8      | Reached skill level 6 in Polearms
  6928 | D:8      | Reached XP level 9. HP: 59/70 MP: 16/16
  7140 | D:8      | Noticed Erica
  7170 | D:8      | HP: 3/70 [something (7)]
  7171 | D:8      | HP: 1/70 [poisoned by Erica (bolt of poison)]
  7171 | D:8      | Slain by Erica

Illustrated notes

Levels and vault maps discovered:
D:1:      minmay_arrival_plants_in_alcoves, layout_rooms,
          ebering_ecumenical_altar_rust, minivault_25, minmay_heptomino_d4
D:2:      layout_basic, dreamdust_princess_bridge, uniq_robin, uniq_jessica
D:3:      layout_basic, st_stairs_2, dk_vineyard_2, grunt_decor_cap
D:4:      layout_basic, gammafunk_ghost_cemetery
D:5:      layout_cave_pools
D:6:      layout_cave_pools, minmay_temple_entry_antechambers,
          gup_sewer_entry_bubbles, serial_shops,
          nicolae_shop_pleasant_corner_grove
D:7:      layout_basic, nicolae_ossuary_entry_false_entrances
D:8:      layout_basic, lemuel_crystal_altar, uniq_grum, uniq_erica, uniq_joseph

Skill      XL: |  1  2  3  4  5  6  7  8 |
---------------+-------------------------+-----
Unarmed Combat | 1 |  1.4
Earth Magic    | 4 5 |  5.7
Dodging        | 2 3 4 |  4.4
Stealth        | 2 3 |  3.2
Spellcasting   | 3 4 |  4.9
Polearms       | 2 3 6 |  6.6
Fighting       | 1 2 3 |  3.6
Conjurations   | 1 2 |  2.0
Transmutations | |  1.0

Action                     |  1- 3 |  4- 6 |  7- 9 || total
---------------------------+-------+-------+-------++-------
  Melee: Unarmed           |    58 |    25 |       ||    83
         Tailslap          |     8 |    51 |    15 ||    74
         Punch             |     2 |       |       ||     2
         Halberd           |       |   171 |   129 ||   300
   Cast: Sandblast         |    49 |    52 |     2 ||   103
         Stone Arrow       |       |     9 |    12 ||    21
Ability: Breathe Acid      |       |       |     7 ||     7
    Use: Potion            |     1 |       |       ||     1
         Scroll            |       |     1 |     3 ||     4
   Stab: Sleeping          |       |     2 |       ||     2
 Armour: Skin              |    34 |    42 |    79 ||   155
  Dodge: Dodged            |    59 |    78 |    94 ||   231

Table legend: (Time is in decaauts)
 A = Elapsed time spent in this place.
 B = Non-inter-level travel time spent in this place.
 C = Inter-level travel time spent in this place.
 D = Time resting spent in this place.
 E = Time spent auto-exploring this place.
 F = Levels seen in this place.
 G = Mean time per level.
                   A        B        C        D        E       F      G
               +--------+--------+--------+--------+--------+-----+--------+
         Total |   7369 |   7339 |     30 |   1973 |   2176 |   8 |  921.1 |
       Dungeon |   7369 |   7339 |     30 |   1973 |   2176 |   8 |  921.1 |
               +--------+--------+--------+--------+--------+-----+--------+

Top non-repeatable levels by time:
     D:2: 1547 daAuts
     D:7: 1305 daAuts
     D:1: 1149 daAuts
     D:3: 995 daAuts
     D:4: 905 daAuts
     D:8: 871 daAuts
     D:5: 319 daAuts
     D:6: 273 daAuts
